 Dungeon Crawl Stone Soup version 0.28-a0-1510-gd0f6b136d3 (webtiles) character file.

Game seed: 17231666096353779798

213 hashsling the Magician (level 5, 0/28 HPs)
             Began as a Deep Elf Hedge Wizard on Jan 15, 2022.
             Killed from afar by an orc wizard (8 damage)
             ... with a magic dart
             ... on level 4 of the Dungeon.
             The game lasted 00:13:03 (3989 turns).

hashsling the Magician (Deep Elf Hedge Wizard)      Turns: 3989, Time: 00:13:04

Health: 0/28       AC:  4    Str:  7    XL:     5   Next: 59%
Magic:  8/15       EV: 12    Int: 21    God:
Gold:   179        SH:  0    Dex: 14    Spells: 10/16 levels left

rFire   . . .      SeeInvis .   a - +0 dagger
rCold   . . .      Faith    .   (no shield)
rNeg    . . .      Spirit   .   b - +0 robe
rPois   .          Reflect  .   m - +0 helmet
rElec   .          Harm     .   (no cloak)
rCorr   .          Rampage  .   (no gloves)
Will    .....                   e - +0 pair of boots
Stlth   ++........              (no amulet)
HPRegen 0.09/turn               (no ring)
MPRegen 0.14/turn               (no ring)

@: flying
A: no striking features
a: no special abilities


You were on level 4 of the Dungeon.
You visited 1 branch of the dungeon, and saw 4 of its levels.

You collected 179 gold pieces.

Inventory:

Hand Weapons
 a - a +0 dagger (weapon)
Armour
 b - a +0 robe (worn)
 e - a +0 pair of boots (worn)
 m - a +0 helmet (worn)
Scrolls
 c - a scroll of amnesia {unknown}
 d - 5 scrolls of identify {unknown}
 g - a scroll of teleportation {unknown}
 i - a scroll of magic mapping {unknown}
 k - 2 scrolls of noise {unknown}
Potions
 f - a potion of curing {unknown}
 h - a potion of brilliance {unknown}
 j - a potion of flight
 l - a potion of mutation {unknown}
 n - a potion of haste {unknown}


   Skills:
 - Level 2.4 Dodging
 - Level 2.4 Stealth
 * Level 6.3 Spellcasting
 + Level 2.8 Conjurations
 * Level 2.7 Hexes
 - Level 1.7 Summonings
 + Level 2.7 Translocations


You had 10 spell levels left.
You knew the following spells:

 Your Spells              Type           Power      Damage    Failure   Level
a - Magic Dart            Conj           72%        1d6       3%          1
b - Slow                  Hex            72%        N/A       3%          1
c - Blink                 Tloc           36%        N/A       4%          2
d - Call Imp              Summ           13%        N/A       7%          2

Your spell library contained the following spells:

 Spells                   Type           Power      Damage    Failure   Level
 Corpse Rot               Necr/Air       12%        N/A       14%         2
 Conjure Flame            Conj/Fire      12%        6-21      16%         3
 Mephitic Cloud           Conj/Pois/Air  10%        N/A       19%         3
 Dispel Undead            Necr           6%         3d8       67%         4
 Death Channel            Necr           3%         N/A       100%        6


Dungeon Overview and Level Annotations

Branches:
Dungeon (4/15)
 Temple: D:4-7

Altars:
Makhleb
Ru
Sif Muna

Shops:
D:2 (   D:3 [


Message History

The magic dart hits the orc wizard.
The orc wizard is heavily wounded.
The orc wizard hits you with a +0 dagger.
Aiming: Magic Dart (safe; 3% risk of failure)
Press: ? - help, Q - select action, (/) - cycle Shift-Dir - straight line, f/p - orc wizard
Aim: an orc wizard, wielding a +0 dagger and wearing a +0 robe (heavily wounded, 100% to hit)
The magic dart hits the orc wizard.
The orc wizard is severely wounded.
The orc wizard closely misses you.
Aiming: Magic Dart (safe; 3% risk of failure)
Press: ? - help, Q - select action, (/) - cycle Shift-Dir - straight line, f/p - orc wizard
Aim: an orc wizard, wielding a +0 dagger and wearing a +0 robe (severely wounded, 100% to hit)
The magic dart hits the orc wizard.
The orc wizard is almost dead.
The orc wizard hits you with a +0 dagger.
Aiming: Magic Dart (safe; 3% risk of failure)
Press: ? - help, Q - select action, (/) - cycle Shift-Dir - straight line, f/p - orc wizard
Aim: an orc wizard, wielding a +0 dagger and wearing a +0 robe (almost dead, 100% to hit)
The magic dart hits the orc wizard.
The orc wizard is almost dead.
The orc wizard hits you with a +0 dagger.
Aiming: Magic Dart (safe; 3% risk of failure)
Press: ? - help, Q - select action, (/) - cycle Shift-Dir - straight line, f/p - orc wizard
Aim: an orc wizard, wielding a +0 dagger and wearing a +0 robe (almost dead, 100% to hit)
The magic dart hits the orc wizard.
You kill the orc wizard!
You hear some strange, mumbled words.
You are confused.
You bump into the granite statue.
It was a potion of flight.
You feel very buoyant.
You fly up into the air.
You barely miss something. Something hits you.
* * * LOW HITPOINT WARNING * * *
You feel less confused. Something hits you.
* * * LOW HITPOINT WARNING * * *
A magic dart appears from out of thin air!
The magic dart hits you!
You die...

≈≈ ≈≈
##≈≈.###.≈≈##
#≈≈.##_##.≈≈#
##≈≈. ...#.≈≈##
#≈≈≈.#...#.≈≈≈#
#≈≈.##.##.≈≈#
#≈≈≈≈#)#≈≈≈≈#
#≈≈≈8{8≈≈≈#
##≈@...≈≈##
###8)8### #...#
#8.8# #..##
#.## ... #.#
... ##.#
##.##+#####..#


There were no monsters in sight!

Vanquished Creatures
  2 orc priests (D:3)
  Jessica (D:2)
  An orc wizard (D:4)
  4 adders
  A howler monkey skeleton (D:2)
  A worm (D:3)
  A dart slug (D:2)
  2 orcs
  5 bats
  2 endoplasms
  3 giant cockroaches
  4 goblins
  8 hobgoblins
  A quokka (D:1)
  5 ball pythons
  3 frilled lizards
  8 kobolds
  4 rats
56 creatures vanquished.

Notes
Turn   | Place    | Note
-------+----------+-------------------------------------------
     0 | D:1      | hashsling the Deep Elf Hedge Wizard began the quest for the
                  | Orb.
     0 | D:1      | Reached XP level 1. HP: 10/10 MP: 7/7
     2 | D:1      | Learned a level 1 spell: Slow
   568 | D:1      | Reached XP level 2. HP: 15/15 MP: 7/9
   756 | D:1      | Reached skill level 5 in Spellcasting
  1317 | D:2      | Found Nigoll's Weapon Boutique.
  1595 | D:2      | Noticed Jessica
  1634 | D:2      | Killed Jessica
  1635 | D:2      | Reached XP level 3. HP: 2/19 MP: 0/12
  1638 | D:2      | Learned a level 2 spell: Blink
  1641 | D:2      | Learned a level 2 spell: Call Imp
  2056 | D:2      | Reached XP level 4. HP: 18/24 MP: 5/13
  2357 | D:2      | Reached skill level 1 in Hexes
  2660 | D:3      | Found Dujuiche's Armour Shop.
  2940 | D:3      | Reached skill level 6 in Spellcasting
  3036 | D:3      | Noticed a water moccasin
  3049 | D:3      | Reached XP level 5. HP: 21/28 MP: 11/15
  3081 | D:3      | Found a burning altar of Makhleb.
  3368 | D:3      | Found a sacrificial altar of Ru.
  3974 | D:4      | Found a shimmering blue altar of Sif Muna.
  3989 | D:4      | Killed from afar by an orc wizard

Illustrated notes

Levels and vault maps discovered:
D:1:      nicolae_arrival_somewhat_less_tricky_arrival, layout_basic,
          serial_bayou_crossing
D:2:      wander_river, layout_basic, serial_shops, nicolae_shop_waterfront,
          uniq_jessica
D:3:      layout_loops_cross, nicolae_overflow_crystal_walls,
          lightli_temple_of_fire, serial_shops, nicolae_shop_crystal,
          serial_rivers, chequers_serial_rivers_small_a,
          chequers_serial_rivers_room_b, chequers_serial_rivers_micro_b,
          chequers_serial_rivers_marsh, chequers_serial_rivers_micro_a,
          chequers_serial_rivers_marsh, minmay_hedge_maze
D:4:      layout_basic, kennysheep_orc_sif_temple

Skill      XL: |  1  2  3  4 |
---------------+-------------+-----
Spellcasting   | 5 6 |  6.3
Conjurations   | 2 |  2.8
Translocations | 2 |  2.7
Hexes          | 2 |  2.7
Dodging        | |  2.4
Stealth        | |  2.4
Summonings     | |  1.7

Action                   |  1- 3 |  4- 6 || total
-------------------------+-------+-------++-------
Melee: Dagger            |    18 |    14 ||    32
 Cast: Magic Dart        |    72 |    86 ||   158
       Slow              |     2 |     1 ||     3
       Blink             |       |     2 ||     2
  Use: Potion            |       |     1 ||     1
Armor: Robe              |     5 |     8 ||    13
Dodge: Dodged            |    16 |    16 ||    32

Table legend: (Time is in decaauts)
 A = Elapsed time spent in this place.
 B = Non-inter-level travel time spent in this place.
 C = Inter-level travel time spent in this place.
 D = Time resting spent in this place.
 E = Time spent auto-exploring this place.
 F = Levels seen in this place.
 G = Mean time per level.
                   A        B        C        D        E       F      G
               +--------+--------+--------+--------+--------+-----+--------+
         Total |   4047 |   3973 |     74 |      0 |   3316 |   4 | 1011.8 |
       Dungeon |   4047 |   3973 |     74 |      0 |   3316 |   4 | 1011.8 |
               +--------+--------+--------+--------+--------+-----+--------+

Top non-repeatable levels by time:
     D:2: 1396 daAuts
     D:1: 1286 daAuts
     D:3: 1273 daAuts
     D:4: 90 daAuts
